 Dungeon Crawl Stone Soup version 0.30-a0-1053-gbd8d5ba0ad (webtiles) character file.

Game seed: 9286198266102815104

333 Zeldest the Charlatan (level 6, -2/48 HPs)
             Began as a Demigod Artificer on Apr 11, 2023.
             Slain by a shadow (27 damage)
             ... on level 5 of the Dungeon.
             The game lasted 00:10:09 (4839 turns).

Zeldest the Charlatan (Demigod Artificer)           Turns: 4839, Time: 00:10:09

Health: -2/48      AC:  5    Str: 13    XL:     6   Next: 5%
Magic:  0/13       EV: 11    Int: 21    God:
Gold:   139        SH:  0    Dex: 14    Spells: 7/11 levels left

rFire   . . .      SeeInvis .    l - +0 dagger
rCold   . . .      Faith    .    (no shield)
rNeg    . . .      Spirit   .    b - +0 leather armour
rPois   .          Reflect  .    v - +1 hat
rElec   .          Rampage  .    (no cloak)
rCorr   .                        (no gloves)
Will    ++...                    n - +0 pair of boots
Stlth   +                        (no amulet)
HPRegen 0.28/turn                (no ring)
MPRegen 0.13/turn                (no ring)

@: freezing walls, very slightly contaminated
A: high MP 1, forlorn, divine attributes, strong-willed 2
a: no special abilities


You were on level 5 of the Dungeon.
You visited 1 branch of the dungeon, and saw 5 of its levels.

You collected 164 gold pieces.
You spent 25 gold pieces at shops.

Inventory:

Hand Weapons
 l - a +0 dagger (weapon)
Armour
 a - a +0 buckler
 b - a +0 leather armour (worn)
 n - a +0 pair of boots (worn)
 v - a +1 hat (worn)
Wands
 c - a wand of flame (9) (quivered)
 d - a wand of charming (12)
 e - a wand of iceblast (5)
 x - a wand of mindburst (22)
Scrolls
 g - a scroll of blinking {unknown}
 i - 3 scrolls of identify {unknown}
 m - 3 scrolls of amnesia {unknown}
 r - a scroll of teleportation {unknown}
 s - 2 scrolls of immolation {unknown}
 u - a scroll of fear {unknown}
 w - a scroll of fog {unknown}
 y - a scroll of enchant weapon {unknown}
Potions
 f - a potion of cancellation {unknown}
 h - a potion of lignification
 j - a potion of magic {unknown}
 k - a potion of haste {unknown}
 o - a potion of mutation
 p - a potion of flight {unknown}
 q - a potion of brilliance {unknown}
 t - a potion of degeneration {unknown}


   Skills:
 - Level 2.1 Fighting
 - Level 1.8 Armour
 - Level 1.0 Dodging
 - Level 1.0 Stealth
 + Level 3.0 Spellcasting
 + Level 3.3 Ice Magic
 - Level 3.3 Evocations


You had 7 spell levels left.
You knew the following spells:

 Your Spells              Type           Power      Damage    Failure   Level
a - Frozen Ramparts       Ice            34%        1d6       13%         3
b - Freeze                Ice            68%        1d8       4%          1

Your spell library contained the following spells:

 Spells                   Type           Power      Damage    Failure   Level
 Slow                     Hex            12%        N/A       17%         1
 Hailstorm                Conj/Ice       10%        3d5       26%         3
 Confusing Touch          Hex            3%         N/A       45%         3
 Vampiric Draining        Necr           3%         2d6       45%         3


Dungeon Overview and Level Annotations

Branches:
Dungeon (5/15) Zot: 25120
 Temple: D:4-7

Shops:
D:3 *

Annotations:
D:2 1 runed translucent door, Crazy Yiuf
D:4 Grinder


Innate Abilities, Weirdness & Mutations

You have an increased reservoir of magic. (+10% MP)
You shall have no god before yourself.
Your divine heritage dramatically boosts your attributes as you level up.
You are highly strong-willed. (Will++)


Message History

An open door.
The walls around you are covered in ice.
The shadow completely resists.
The wall freezes the shadow but does no damage.
Aiming: Throw Flame
Press: ? - help, Shift-Dir - straight line, f - shadow
Aim: a shadow (moderately damaged, 71% to hit)
The puff of flame hits the shadow!
The shadow is almost destroyed.
The wall freezes the shadow but does no damage.
Aiming: Throw Flame
Press: ? - help, Shift-Dir - straight line, f/p - shadow
Aim: a shadow (almost destroyed, 71% to hit)
The puff of flame hits the shadow.
The shadow is almost destroyed.
The wall freezes the shadow but does no damage.
The shadow slips into darkness.
The shadow flickers and vanishes!
Deactivating autopickup; reactivate with Ctrl-A.
Your frozen ramparts will break if you move.
Continue? [Y]es or [N]o only, please.
Your frozen ramparts will break if you move.
Continue? [Y]es or [N]o only, please.
Your frozen ramparts will break if you move.
Continue?
Okay, then.
You hit something but do no damage.
The wall freezes something but does no damage.
The shadow strikes at you from the darkness!
Reactivating autopickup.
You hit the shadow but do no damage.
The shadow is almost destroyed.
The wall freezes the shadow but does no damage.
The shadow slips into darkness.
The shadow flickers and vanishes!
Deactivating autopickup; reactivate with Ctrl-A.
You hit something but do no damage.
The wall freezes something but does no damage.
The shadow strikes at you from the darkness!
Ouch! That really hurt!
You die...

## .. #.###
#...# ~~.#
##~.# ##~~.#
.#.#.###~~..#
..~.†){@~##)##
.#.#.###~~#..#
###~##~~#.#
~~~~~##~#.#
#.~~~~#.#
#..##...#
#..#.###
#...###
#.#...##


There were no monsters in sight!

Vanquished Creatures
  A black bear (D:4)
  A sleepcap (D:4)
  An iguana (D:5)
  5 adders
  2 river rats (D:3)
  A worm (D:2)
  4 dart slugs
  7 orcs
  9 ball pythons
  7 endoplasms
  4 giant cockroaches
  6 goblins
  6 hobgoblins
  8 kobolds
  3 quokkas
  5 bats
  4 frilled lizards
  5 rats
79 creatures vanquished.

Vanquished Creatures (collateral kills)
  A sleepcap (D:4)
  An adder (D:5)
  An orc (D:5)
3 creatures vanquished.

Vanquished Creatures (others)
  A yak (D:5)
  5 plants (D:4)
6 creatures vanquished.

Grand Total: 88 creatures vanquished

Notes
Turn   | Place    | Note
-------+----------+-------------------------------------------
     0 | D:1      | Zeldest the Demigod Artificer began the quest for the Orb.
     0 | D:1      | Reached XP level 1. HP: 15/15 MP: 3/3
    39 | D:1      | Reached skill level 1 in Fighting
    39 | D:1      | Reached skill level 1 in Dodging
    39 | D:1      | Reached skill level 1 in Stealth
   340 | D:1      | Reached XP level 2. HP: 23/23 MP: 4/4
  1090 | D:2      | Reached XP level 3. HP: 29/29 MP: 5/5
  1542 | D:2      | Reached skill level 1 in Ice Magic
  1783 | D:2      | Learned a level 3 spell: Frozen Ramparts
  2037 | D:2      | Reached skill level 1 in Spellcasting
  2176 | D:2      | Identified the +3 spear of the Loving Gods {antimagic,
                  | rC+++ rCorr Str-5 Int+2}
  2184 | D:2      | Found a runed translucent door.
  2185 | D:2      | Noticed Crazy Yiuf
  2533 | D:3      | Learned a level 1 spell: Freeze
  2592 | D:3      | Reached XP level 4. HP: 19/36 MP: 8/8
  2815 | D:3      | Found Zuajuipe's Assorted Antiques.
  2820 | D:3      | Bought a scroll labelled WIL ZAUNNUTE for 25 gold pieces
  3795 | D:4      | Noticed Grinder
  3965 | D:4      | Reached XP level 5. HP: 13/41 MP: 7/10
  3967 | D:4      | Gained mutation: You are strong-willed. (Will+) [potion of
                  | mutation]
  3967 | D:4      | Gained mutation: You are highly strong-willed. (Will++)
                  | [potion of mutation]
  4279 | D:4      | Noticed a black bear
  4298 | D:4      | Killed a black bear
  4599 | D:5      | Entered Level 5 of the Dungeon
  4630 | D:5      | Reached XP level 6. HP: 28/48 MP: 8/13
  4816 | D:5      | Noticed a yak
  4823 | D:5      | Noticed a shadow
  4839 | D:5      | Slain by a shadow

Illustrated notes

Levels and vault maps discovered:
D:1:      minmay_arrival_wavy_path, layout_loops_corners, chequers_avenue,
          amcnicky_mini_corridor_feature
D:2:      layout_loops_ring, uniq_crazy_yiuf_cottage
D:3:      layout_loops_cross, lemuel_crystal_altar, old_standard_altar,
          overflow_temple_1_default, nicolae_overflow_squiral,
          portal_sewer_entry_e, serial_shops, nicolae_shop_hallway_plus
D:4:      layout_cave_pods, nicolae_hepliaklqana_hazy_memory,
          nzn_wu_jian_council_hall, temple_green, hellmonk_no_cap, uniq_grinder,
          uniq_blork_the_orc
D:5:      layout_rooms, minmay_manual_mullet, uniq_pikel

Skill      XL: |  1  2  3  4  5  6 |
---------------+-------------------+-----
Fighting       | 1 2 |  2.1
Dodging        | 1 |  1.0
Stealth        | 1 |  1.0
Evocations     | 3 |  3.3
Ice Magic      | 1 2 3 |  3.3
Spellcasting   | 1 2 3 |  3.0
Armour         | |  1.8

Action                     |  1- 3 |  4- 6 || total
---------------------------+-------+-------++-------
  Melee: Club              |   112 |       ||   112
         Punch             |     9 |       ||     9
         Dagger            |   167 |   168 ||   335
         Unarmed           |       |     4 ||     4
   Cast: Frozen Ramparts   |     3 |     7 ||    10
         Freeze            |       |    29 ||    29
  Evoke: Wand              |       |     9 ||     9
    Use: Potion            |       |     2 ||     2
   Stab: Sleeping          |     7 |       ||     7
 Armour: Leather armour    |    64 |    58 ||   122
         Skin              |       |     8 ||     8
  Dodge: Dodged            |   170 |   113 ||   283

Table legend: (Time is in decaauts)
 A = Elapsed time spent in this place.
 B = Non-inter-level travel time spent in this place.
 C = Inter-level travel time spent in this place.
 D = Time resting spent in this place.
 E = Time spent auto-exploring this place.
 F = Levels seen in this place.
 G = Mean time per level.
                   A        B        C        D        E       F      G
               +--------+--------+--------+--------+--------+-----+--------+
         Total |   4878 |   4606 |    272 |   1123 |   2253 |   5 |  975.6 |
       Dungeon |   4878 |   4606 |    272 |   1123 |   2253 |   5 |  975.6 |
               +--------+--------+--------+--------+--------+-----+--------+

Top non-repeatable levels by time:
     D:1: 1362 daAuts
     D:2: 1265 daAuts
     D:3: 1229 daAuts
     D:4: 779 daAuts
     D:5: 240 daAuts
